Map: Efflorescence LE

Players

qqq

  • Race: Zerg Zerg
  • Spawn Location: 12:00

Massa

  • Race: Terran Terran
  • League: Platinum
  • Spawn Location: 3:00

WANTyoMMR - Winner!

  • Race: Terran Terran
  • League: Diamond
  • Spawn Location: 6:00

SAIMANP - Winner!

  • Race: Protoss Protoss
  • Spawn Location: 9:00

VOD

Have the link to the VOD?

Description

Time

  • Played on: Oct. 23, 2020, 4:47 p.m.
  • Length: 12:47
Show
View Real Time Build Order
Export as new Build Order

qqq Zerg 

Build Orders: Hatch First 

Get SALT Encoding   

  12  0:01  Drone  
  13  0:09  Drone  
  14  0:37  Hatchery  
  13  0:43  Drone  
  14  0:56  Spawning Pool  
  13  0:59  Drone  
  14  1:08  Overlord  
  14  1:15  Extractor, Drone  
  14  1:37  Drone  
  15  1:43  Zergling x4  
  17  1:49  Drone  
  18  2:16  Drone x2  
  18  2:18  Drone, Zergling x2  
  18  2:20  Drone  
  23  2:34  Spine Crawler  
  21  2:45  Drone x3  
  21  2:47  Zergling x4  
  25  3:01  Queen  
  27  3:07  Lair  
  27  3:11  Overlord  
  27  3:29  Overlord x3  
  27  3:34  Extractor  
  27  3:35  Drone  
  27  3:52  Drone x2  
  28  3:56  Drone x3  
  31  4:13  Drone x2  
  31  4:14  Spire  
  31  4:15  Extractor  
  31  4:17  Drone x2  
  31  4:23  Queen  
  35  4:26  Drone  
  36  4:32  Metabolic Boost  
  36  4:35  Drone  
  36  4:38  Drone  
  38  4:41  Drone  
  38  4:42  Drone  
  38  4:45  Drone  
  41  4:47  Drone  
  41  4:50  Drone  
  43  5:00  Drone  
  43  5:03  Overlord  
  43  5:04  Drone x2  
  43  5:06  Extractor  
  45  5:11  Drone  
  46  5:22  Drone x2  
  46  5:27  Mutalisk x2  
  46  5:28  Mutalisk  
  52  5:29  Mutalisk  
  52  5:32  Zerg Flyer Weapons Level 1  
  56  5:43  Drone x3, Mutalisk  
  56  5:45  Overlord  
  56  6:15  Mutalisk x4  
  64  6:25  Mutalisk x2  
  64  6:52  Mutalisk x2  
  68  7:08  Hatchery  
  67  7:16  Mutalisk x3  
  71  7:36  Mutalisk x2  
  71  7:54  Mutalisk  
  71  7:55  Mutalisk  
  67  8:35  Mutalisk  
  67  8:36  Mutalisk x4  
  67  8:37  Drone  
  67  8:38  Drone  
  79  9:09  Drone x2  
  82  9:10  Drone  
  82  9:24  Zerg Flyer Armor Level 1  
  82  9:25  Infestation Pit  
  82  9:27  Hatchery, Mutalisk  
  82  9:28  Overlord x4  
  82  9:29  Overlord  
  82  9:34  Hatchery  
  79  10:00  Drone x3  
  79  10:07  Mutalisk x4  
  86  10:17  Mutalisk  
  84  10:23  Overlord  
  84  10:24  Drone x2, Overlord  
  84  10:26  Hive  
  82  11:09  Corruptor x4  
  82  11:10  Corruptor  
  74  11:27  Spore Crawler  
  74  11:28  Spore Crawler  
  74  11:31  Spore Crawler  
  71  11:38  Drone x3  
  71  11:39  Drone x3  
  77  11:41  Drone x3, Corruptor  
  77  11:42  Corruptor x2  
  77  11:44  Zergling x4  
  88  11:50  Corruptor  
  88  11:52  Drone x2  
  92  11:55  Extractor  
  92  11:57  Extractor  
  92  11:59  Drone  
  91  12:01  Queen  
  91  12:02  Queen  
  95  12:09  Corruptor x2  
  95  12:11  Mutalisk  
  95  12:12  Overlord  
  102  12:15  Drone x2  
  102  12:16  Drone x4  
  102  12:17  Hatchery  
  102  12:19  Hatchery  
Show
View Real Time Build Order
Export as new Build Order

Massa Terran 

Build Orders: Reaper Expand 

Get SALT Encoding   

  12  0:01  SCV  
  13  0:13  SCV  
  14  0:22  Supply Depot  
  14  0:26  SCV  
  15  0:44  SCV  
  15  0:46  Barracks  
  16  0:54  Refinery  
  16  0:56  Refinery  
  16  1:07  SCV  
  17  1:34  Orbital Command  
  17  1:37  Reaper  
  18  2:07  Supply Depot  
  18  2:09  Marine  
  18  2:11  Factory  
  18  2:14  SCV  
  20  2:15  Bunker  
  19  2:38  Marine  
  20  2:53  Supply Depot  
  20  2:56  Marine  
  21  3:00  SCV  
  21  3:03  Factory Tech Lab  
  22  3:05  Supply Depot  
  23  3:12  SCV  
  23  3:20  Marine  
  23  3:25  SCV  
  23  3:26  Siege Tank  
  28  3:31  Engineering Bay  
  28  3:35  Supply Depot  
  28  3:39  Barracks Reactor  
  28  3:44  SCV  
  29  3:53  Barracks  
  29  4:09  Siege Tank  
  32  4:20  Marine x2  
  34  4:25  Missile Turret  
  34  4:29  Missile Turret  
  34  4:38  Marine x2  
  36  4:43  Barracks Tech Lab  
  36  4:44  Starport  
  36  4:45  Cyclone  
  39  4:55  Marine  
  39  4:56  Marine  
  41  5:04  Stimpack  
  41  5:13  Marine x2  
  43  5:17  Cyclone  
  46  5:24  Marauder  
  48  5:31  Marine  
  46  5:45  Marauder  
  37  5:50  Medivac  
  17  6:07  SCV, Marauder  
  19  6:19  SCV  
  20  6:34  SCV  
  21  6:41  Marauder  
  21  6:46  SCV  
  24  6:59  SCV  
  18  7:11  SCV  
  19  7:23  SCV  
  20  7:35  SCV  
  20  7:37  Command Center  
  21  7:47  SCV  
  22  7:59  SCV  
  23  8:11  SCV  
  24  8:23  SCV  
  25  8:35  SCV  
  20  8:43  Factory Tech Lab  
  20  8:47  SCV  
  21  8:50  Orbital Command  
  21  8:58  Marauder  
  21  8:59  Marine  
  21  9:00  SCV  
  25  9:04  Medivac  
  27  9:12  SCV  
  27  9:15  Missile Turret  
  28  9:17  Marine  
  28  9:18  Marine  
  28  9:20  Marauder  
  28  9:24  SCV  
  33  9:25  SCV  
  34  9:35  Marine, Command Center  
  34  9:36  SCV, Marine  
  34  9:37  SCV  
  38  9:41  Marine  
  39  9:48  SCV  
  39  9:49  SCV  
  41  9:53  Marine  
  41  9:54  Liberator, Marine  
  41  9:58  Marine  
  47  10:00  SCV  
  47  10:01  SCV  
  49  10:11  Marine x2  
  49  10:12  SCV  
  49  10:13  SCV  
  53  10:16  Marine  
  54  10:24  SCV  
  55  10:29  Marine x2  
  55  10:35  Marauder  
  59  10:46  Marine  
  58  10:53  SCV  
  58  10:54  SCV  
  60  11:01  Marauder, Marine  
  63  11:04  Marine, Combat Shield  
  63  11:05  SCV  
  63  11:06  SCV  
  66  11:16  Missile Turret  
  66  11:18  SCV x2, Orbital Command  
  68  11:19  Marine  
  68  11:22  Marauder, Marine  
  72  11:30  SCV x2  
  72  11:32  Medivac  
  76  11:38  Missile Turret  
  76  11:42  SCV x2  
  76  11:44  SCV, Marauder  
  81  11:49  Siege Tank  
  85  11:54  SCV  
  85  12:12  Supply Depot  
  85  12:13  Supply Depot  
  85  12:14  Supply Depot  
  85  12:15  Supply Depot  
  85  12:18  Marine  
  85  12:19  SCV, Marauder, Marine  
  85  12:20  SCV  
  53  12:31  SCV  
  55  12:38  Supply Depot  
Show
View Real Time Build Order
Export as new Build Order

WANTyoMMR Terran - Winner!

Build Orders: Reaper Expand 

Get SALT Encoding   

  12  0:00  SCV  
  13  0:12  SCV  
  14  0:18  Supply Depot  
  14  0:25  SCV  
  15  0:40  SCV  
  15  0:41  Barracks  
  16  0:45  Refinery  
  16  0:52  SCV  
  18  1:04  SCV  
  18  1:16  SCV  
  19  1:28  Reaper, Orbital Command  
  20  1:43  Command Center  
  20  1:54  Barracks  
  20  1:56  SCV  
  20  2:00  Barracks Reactor  
  21  2:09  Supply Depot  
  21  2:10  SCV  
  22  2:22  SCV  
  23  2:25  Factory  
  23  2:34  SCV  
  23  2:35  Refinery  
  24  2:37  Marine x2  
  24  2:42  Barracks Tech Lab  
  26  2:46  SCV  
  27  2:57  Marine x2  
  27  2:58  Orbital Command, SCV  
  30  3:03  Marine  
  31  3:10  SCV, Stimpack  
  32  3:16  Marine x2  
  34  3:22  Marine  
  34  3:24  SCV  
  36  3:31  SCV  
  36  3:34  Starport, Factory Reactor  
  37  3:36  Marine x2  
  37  3:40  SCV  
  40  3:45  SCV, Marine  
  42  3:49  Supply Depot  
  42  3:52  SCV  
  43  3:57  Marine x2  
  43  3:59  SCV  
  46  4:05  Marine  
  46  4:06  SCV  
  48  4:14  SCV  
  48  4:16  Marine  
  50  4:17  Marine  
  50  4:18  Medivac x2  
  50  4:20  SCV  
  56  4:27  Marine  
  56  4:28  SCV  
  58  4:32  Supply Depot  
  58  4:34  SCV  
  58  4:35  Supply Depot  
  59  4:41  Command Center  
  59  4:42  SCV  
  60  4:46  Marine  
  60  4:47  Marine  
  62  4:55  SCV  
  62  4:56  SCV, Combat Shield  
  64  5:07  SCV, Supply Depot  
  64  5:10  SCV  
  66  5:14  Engineering Bay x2  
  66  5:19  SCV  
  67  5:21  Marine x2  
  67  5:22  SCV, Marine  
  71  5:31  SCV  
  71  5:34  SCV  
  71  5:44  SCV  
  71  5:48  SCV  
  71  5:49  Marine x2  
  71  5:50  Marine  
  71  5:51  Terran Infantry Weapons Level 1  
  71  5:52  Terran Infantry Armor Level 1  
  71  5:54  Refinery  
  71  5:55  Supply Depot  
  71  5:56  SCV  
  72  6:00  Orbital Command  
  72  6:07  Barracks  
  72  6:09  Barracks, Command Center  
  63  6:13  SCV  
  63  6:14  Missile Turret  
  63  6:17  Missile Turret  
  63  6:19  Marine  
  63  6:20  SCV, Medivac  
  66  6:30  Marine x2  
  66  6:31  SCV  
  69  6:37  Barracks x2  
  69  6:38  SCV  
  70  6:45  SCV  
  72  6:47  SCV, Marine  
  72  6:48  Marine  
  72  6:50  Armory  
  72  6:52  SCV  
  72  6:53  Barracks  
  75  6:57  SCV  
  75  6:59  SCV  
  74  7:08  SCV  
  74  7:14  Marine  
  74  7:15  Marine  
  77  7:18  Missile Turret  
  77  7:19  SCV, Marine  
  77  7:21  SCV, Factory Reactor  
  82  7:24  Barracks Reactor x2  
  82  7:27  SCV  
  81  7:31  SCV, Marine x2  
  81  7:33  Marine  
  81  7:34  SCV, Orbital Command  
  86  7:37  Marine  
  86  7:39  SCV  
  86  7:43  SCV  
  89  7:46  SCV, Marine, Medivac x2  
  89  7:48  Missile Turret  
  89  7:49  Marine, Missile Turret  
  89  7:51  SCV, Marine  
  98  7:55  SCV, Marine  
  98  7:58  SCV  
  102  8:03  SCV  
  104  8:07  Barracks Reactor  
  104  8:08  SCV  
  104  8:10  SCV, Missile Turret  
  104  8:13  Missile Turret  
  104  8:18  Marine x7  
  104  8:19  Marine  
  111  8:25  Widow Mine x2, SCV, Medivac  
  111  8:26  SCV x2  
  118  8:33  Terran Infantry Weapons Level 2  
  117  8:35  SCV, Marine x3  
  117  8:36  Marine x4  
  124  8:54  Barracks Reactor, Terran Infantry Armor Level 2  
  124  8:56  Supply Depot  
  124  8:58  SCV x2, Marine x6  
  124  8:59  Missile Turret, Supply Depot  
  124  9:00  Supply Depot  
  132  9:05  SCV, Missile Turret  
  132  9:15  Supply Depot  
  132  9:16  Supply Depot  
  132  9:17  SCV x2, Marine x4  
  138  9:24  Barracks Reactor  
  138  9:25  Marine x3  
  138  9:26  Marine x2, Command Center  
  138  9:28  Supply Depot  
  138  9:29  Medivac x2  
  138  9:30  Missile Turret  
  147  9:36  SCV x3  
  147  9:38  SCV  
  151  9:41  Missile Turret  
  148  9:48  SCV x3  
  148  9:52  Marine  
  152  9:57  Marine x2  
  152  9:58  Marine x8  
  162  10:02  Widow Mine x2  
  162  10:03  Marine x2  
  168  10:10  Barracks, Marine  
  168  10:12  Barracks  
  167  10:15  Marine x2  
  167  10:16  Marine x8  
  176  10:21  Marine x2  
  176  10:23  SCV  
  176  10:27  Marine  
  179  10:33  Marine x8  
  179  10:34  Marine x2  
  179  10:35  SCV  
  189  10:39  Marine x2  
  190  10:43  SCV  
  190  10:44  SCV  
  190  10:45  Marine  
  190  10:46  SCV  
  194  10:51  Marine x2  
  194  10:52  Missile Turret  
  194  10:54  Marine  
  195  11:00  Barracks Reactor  
  195  11:06  SCV x2  
  195  11:07  Barracks Reactor, SCV x2, Barracks  
  195  11:09  Planetary Fortress  
  195  11:10  Barracks  
  199  11:12  Missile Turret  
  199  11:13  Marine  
  199  11:14  Missile Turret  
  200  11:57  Command Center, Missile Turret  
  200  11:58  Barracks Reactor x2, Barracks x2, Sensor Tower  
  200  11:59  Barracks  
  200  12:00  Missile Turret  
  200  12:01  Missile Turret  
  200  12:04  Barracks  
  200  12:05  Barracks  
  200  12:06  Sensor Tower  
  200  12:12  Sensor Tower  
  192  12:24  Marine  
  192  12:26  Marine  
  192  12:27  Marine  
Show
View Real Time Build Order
Export as new Build Order

SAIMANP Protoss - Winner!

Build Orders: Cannon Rush 

Get SALT Encoding   

  12  0:01  Probe  
  13  0:13  Probe  
  14  0:25  Probe, Pylon  
  15  0:43  Probe  
  15  0:46  Forge  
  16  0:55  Probe  
  17  0:58  Pylon  
  17  1:07  Pylon  
  17  1:14  Pylon  
  17  1:16  Pylon  
  17  1:29  Photon Cannon  
  17  1:43  Photon Cannon  
  17  1:47  Photon Cannon  
  17  1:54  Pylon  
  17  2:10  Photon Cannon  
  17  2:14  Pylon  
  17  2:20  Assimilator  
  17  2:27  Photon Cannon  
  17  2:39  Photon Cannon  
  17  2:54  Photon Cannon  
  17  3:01  Photon Cannon  
  17  3:22  Pylon  
  17  3:34  Gateway  
  17  3:35  Probe (Chrono Boost)  
  17  3:37  Assimilator  
  18  3:44  Probe (Chrono Boost), Photon Cannon  
  18  3:46  Photon Cannon  
  19  3:49  Probe (Chrono Boost)  
  20  4:05  Probe  
  21  4:17  Probe  
  22  4:28  Cybernetics Core  
  22  4:29  Probe  
  23  4:33  Assimilator  
  23  4:47  Nexus  
  23  4:49  Assimilator  
  23  4:53  Pylon, Assimilator  
  23  4:55  Probe (Chrono Boost)  
  24  5:04  Probe (Chrono Boost)  
  25  5:09  Probe (Chrono Boost), Pylon  
  26  5:21  Probe  
  26  5:22  Stargate  
  27  5:33  Probe (Chrono Boost)  
  28  5:46  Probe (Chrono Boost)  
  29  5:51  Probe (Chrono Boost), Pylon  
  29  5:55  Stargate  
  30  5:57  Pylon  
  30  5:59  Probe (Chrono Boost)  
  30  6:01  Probe (Chrono Boost)  
  32  6:06  Void Ray (Chrono Boost)  
  32  6:09  Probe (Chrono Boost)  
  32  6:10  Probe (Chrono Boost)  
  34  6:14  Probe (Chrono Boost)  
  39  6:31  Void Ray (Chrono Boost)  
  43  6:42  Photon Cannon  
  43  6:47  Void Ray (Chrono Boost)  
  47  6:54  Probe  
  47  6:55  Probe  
  47  6:57  Pylon  
  49  7:06  Probe  
  49  7:07  Probe  
  47  7:18  Probe  
  47  7:19  Probe  
  38  7:39  Phoenix x2 (Chrono Boost)  
  6  9:03  Pylon  
  6  9:14  Probe (Chrono Boost)  
  8  9:20  Probe (Chrono Boost)  
  9  9:24  Probe (Chrono Boost)  
  9  9:28  Probe (Chrono Boost)  
  9  9:29  Probe (Chrono Boost)  
  11  9:31  Phoenix  
  13  9:39  Probe (Chrono Boost)  
  13  9:40  Probe (Chrono Boost)  
  15  9:48  Probe x2 (Chrono Boost)  
  17  9:53  Probe (Chrono Boost)  
  17  9:56  Phoenix  
  17  9:57  Probe  
  21  10:05  Probe (Chrono Boost)  
  22  10:13  Phoenix  
  25  10:14  Probe (Chrono Boost)  
  25  10:17  Probe (Chrono Boost)  
  27  10:21  Phoenix  
  27  10:22  Probe (Chrono Boost)  
  27  10:23  Probe (Chrono Boost)  
  30  10:31  Probe  
  30  10:33  Probe  
  28  10:43  Probe  
  28  10:45  Probe  
  17  10:57  Probe  
  15  11:23  Probe  
  15  11:24  Probe  
  17  11:35  Probe (Chrono Boost)  
  17  11:36  Probe (Chrono Boost)  
  19  11:45  Phoenix x2  
  25  11:47  Probe (Chrono Boost)  
  25  11:48  Probe (Chrono Boost)  
  25  11:52  Probe x2 (Chrono Boost)  
  27  12:02  Probe (Chrono Boost)  
  27  12:03  Probe (Chrono Boost)  
  29  12:10  Phoenix x2  
  29  12:14  Probe (Chrono Boost)  
  29  12:15  Probe (Chrono Boost)  
  35  12:19  Probe (Chrono Boost)  
  35  12:20  Probe (Chrono Boost)  
Tags
 
Add a new tag
Caveats
  • Supply blocks, unpowered buildings, or Contaminate may cause inaccurate times.
  • Supply counts are checked every 10 seconds.